 Dungeon Crawl Stone Soup version 0.28-a0-1594-ga885d4b3d6 (webtiles) character file.

Game seed: 14680900885617165327

5 psuckher the Caller (level 1, -1/13 HPs)
             Began as a Merfolk Summoner on Jan 20, 2022.
             Slain by a frilled lizard (3 damage)
             ... on level 1 of the Dungeon.
             The game lasted 00:02:22 (446 turns).

psuckher the Caller (Merfolk Summoner)               Turns: 446, Time: 00:02:23

Health: -1/13      AC:  2    Str: 14    XL:     1   Next: 80%
Magic:  0/3        EV: 12    Int: 14    God:
Gold:   20         SH:  0    Dex: 14    Spells: 3/4 levels left

rFire   . . .      SeeInvis .   (no weapon)
rCold   . . .      Faith    .   (no shield)
rNeg    . . .      Spirit   .   a - +0 robe
rPois   .          Reflect  .   (no helmet)
rElec   .          Harm     .   (no cloak)
rCorr   .          Rampage  .   (no gloves)
Will    .....                   (no boots)
Stlth   ++........              (no amulet)
HPRegen 0.04/turn               b - +6 ring of strength
MPRegen 0.08/turn               (no ring)

@: no status effects
A: (nimble swimmer 2), mertail
a: no special abilities


You were on level 1 of the Dungeon.
You visited 1 branch of the dungeon, and saw 1 of its levels.

You collected 20 gold pieces.

Inventory:

Armour
 a - a +0 robe (worn)
Jewellery
 b - a +6 ring of strength (left hand)


   Skills:
 + Level 2.6 Dodging
 + Level 2.1 Stealth
 + Level 2.0 Spellcasting
 + Level 4.3 Summonings


You had 3 spell levels left.
You knew the following spells:

 Your Spells              Type           Power      Damage    Failure   Level
a - Summon Small Mammal   Summ           52%        N/A       4%          1

Your spell library contained the following spells:

 Spells                   Type           Power      Damage    Failure   Level
 Call Imp                 Summ           13%        N/A       6%          2
 Call Canine Familiar     Summ           13%        N/A       12%         3
 Summon Guardian Golem    Hex/Summ       7%         N/A       30%         3
 Summon Lightning Spire   Summ/Air       7%         N/A       69%         4


Dungeon Overview and Level Annotations

Branches:
Dungeon (1/15)

Altars:


Innate Abilities, Weirdness & Mutations

((You are very nimble when in or above water. (Stealth+, EV+, Speed+++)))
Your lower body shifts to a powerful aquatic tail in water.


Message History

The hobgoblin barely misses you.
Your rat barely misses the hobgoblin.
You hit the hobgoblin but do no damage.
The hobgoblin is heavily wounded.
The bat closely misses you. The bat barely misses your rat.
The ball python closely misses you. The ball python barely misses you.
The hobgoblin hits you.
Your rat barely misses the hobgoblin.
You closely miss the hobgoblin.
The hobgoblin is heavily wounded.
The bat misses you. The ball python closely misses you.
The ball python grabs you. The ball python constricts you.
The hobgoblin hits you.
* * * LOW HITPOINT WARNING * * *
Your rat bites the bat.
Your rat bites the hobgoblin but does no damage.
You escape the ball python's grasp.
The bat hits your rat but does no damage.
A frilled lizard comes into view.
The hobgoblin misses you.
Your rat barely misses the bat.
Your rat barely misses the hobgoblin.
Found a dagger.
The bat barely misses you.
Your rat misses the bat. The bat closely misses you.
Your rat closely misses the bat.
The frilled lizard closely misses your rat.
The ball python bites you.
* * * LOW HITPOINT WARNING * * *
The ball python closely misses you. The bat barely misses you.
Casting: Summon Small Mammal (safe; 4% risk of failure)
Press: ? - help, Q - select action Dir - look around, f - activate Your rat disappears in a puff of smoke!
The bat hits you but does no damage. The ball python closely misses you.
The ball python barely misses you. The hobgoblin closely misses you.
Your rat bites the hobgoblin but does no damage.
A dart slug comes into view.
Your bat closely misses the hobgoblin.
Your rat closely misses the bat.
The bat barely misses you.
The ball python barely misses you. x2; Your bat barely misses the hobgoblin.
The frilled lizard completely misses you.
The ball python barely misses you. The ball python closely misses you.
Your bat barely misses the hobgoblin.
The frilled lizard bites you.
You die...

#. .. .. # ####.
#+##### .##.#....
....... ... ......#
....... .... ....
.......
#.#.####.###...)...
#.#.....g..@..###
#.###...bSl.....#
#..##..r.bl.....#
#..##...........#
#...#........l..#
#.#.#.....†.....#
######.#.....$.........
.......##..............
#########..##.........


You could see a hobgoblin (ally target), a bat, a ball python, 3 frilled
lizards, a friendly bat (summoned) and a friendly rat (summoned).

Vanquished Creatures
  A frilled lizard (D:1)
1 creature vanquished.

Vanquished Creatures (collateral kills)
  A quokka (D:1)
  3 frilled lizards (D:1)
  2 rats (D:1)
6 creatures vanquished.

Grand Total: 7 creatures vanquished

Notes
Turn   | Place    | Note
-------+----------+-------------------------------------------
     0 | D:1      | psuckher the Merfolk Summoner began the quest for the Orb.
     0 | D:1      | Reached XP level 1. HP: 13/13 MP: 3/3
   446 | D:1      | Slain by a frilled lizard

Illustrated notes

Levels and vault maps discovered:
D:1:      ncdulo_smallfort, layout_basic, shapermc_ecumenical_altar_venn

Action                   || total
-------------------------++-------
Melee: Unarmed           ||    20
 Cast: Summon Small Mamm ||    12
Armor: Robe              ||    10
Dodge: Dodged            ||    45

Table legend: (Time is in decaauts)
 A = Elapsed time spent in this place.
 B = Non-inter-level travel time spent in this place.
 C = Inter-level travel time spent in this place.
 D = Time resting spent in this place.
 E = Time spent auto-exploring this place.
 F = Levels seen in this place.
 G = Mean time per level.
                   A        B        C        D        E       F      G
               +--------+--------+--------+--------+--------+-----+--------+
         Total |    445 |    423 |     22 |      0 |      0 |   1 |  445.0 |
       Dungeon |    445 |    423 |     22 |      0 |      0 |   1 |  445.0 |
               +--------+--------+--------+--------+--------+-----+--------+

Top non-repeatable levels by time:
     D:1: 445 daAuts
